 Dungeon Crawl Stone Soup version 0.17.0-28-g6e173f8 (webtiles) character file.

16664 Yakui the Nimble (level 12, -8/61 HPs)
             Began as a Felid Berserker on Nov 30, 2015.
             Was the Champion of Trog.
             Killed from afar by an electric eel (13 damage)
             ... with a bolt of electricity
             ... on level 4 of the Lair of Beasts.
             The game lasted 01:04:03 (20519 turns).

Yakui the Nimble (Felid Berserker)                 Turns: 20519, Time: 01:04:04

Health: -8/61      AC:  3    Str: 13    XL:     12   Next: 12%
Magic:  13/13      EV: 35    Int: 11    God:    Trog [******]
Gold:   594        SH:  0    Dex: 20    Spells: 0 memorised, 11 levels left
                                        Lives:  0   Deaths: 3

rFire  . . .     SeeInvis +       - Unarmed
rCold  + . .     Clarity  .     (armour unavailable)
rNeg   + . .     SustAt   .     (shield unavailable)
rPois  .         Gourm    .     (helmet unavailable)
rElec  .         Spirit   .     (cloak unavailable)
rCorr  +         Warding  .     (gloves unavailable)
rMut   .         Stasis   .     (boots unavailable)
MR     +++..                    H - amulet of resist corrosion
Stlth  +++++++...               B - +4 ring of evasion
                                f - ring of positive energy

@: regenerating, quick, extremely resistant to hostile enchantments, extremely
stealthy
A: no armour, no weapons or thrown items, claws 1, fangs 3, see invisible,
carnivore 3, clever 1, speed 1, shaggy fur 3, slow metabolism 1, subdued magic
1, sharp paws
a: Berserk, Trog's Hand, Brothers in Arms, Burn Spellbooks, Renounce Religion


You were on level 4 of the Lair of Beasts.
You worshipped Trog.
Trog was exalted by your worship.
You were very full.

You visited 2 branches of the dungeon, and saw 14 of its levels.

You collected 694 gold pieces.
You spent 100 gold pieces at shops.

Inventory:

Jewellery
 f - a ring of positive energy (left paw)
 B - a +4 ring of evasion (right paw)
 H - an amulet of resist corrosion (around neck)
 K - a cursed ring of teleportation {unknown}
Wands
 g - a wand of random effects (16)
 l - a wand of frost (29)
 u - a wand of paralysis (8)
 x - a wand of magic darts (18)
 y - a wand of random effects (18)
 z - a wand of slowing (20)
 E - a wand of frost (16)
 I - a wand of teleportation (1)
 J - a wand of flame (21)
Scrolls
 e - 5 scrolls of remove curse
 i - 5 scrolls of magic mapping
 j - a scroll of fog
 k - a scroll of blinking
 n - 5 scrolls of teleportation
 t - 2 scrolls of recharging
 v - 4 scrolls of fear
 C - 4 scrolls of identify
Potions
 b - a potion of might
 c - 7 potions of heal wounds
 d - 7 potions of curing
 h - 5 potions of magic
 m - 5 potions of flight
 o - a potion of lignification
 p - a potion of brilliance
 q - 2 potions of ambrosia
 s - 2 potions of berserk rage
 w - 2 potions of resistance
 A - a potion of invisibility
 F - a potion of cure mutation
Comestibles
 a - 6 meat rations
 r - 2 beef jerkies
 D - a royal jelly


   Skills:
 * Level 12.6 Fighting
 + Level 12.6 Dodging
 - Level 12.0 Stealth
 * Level 12.5 Unarmed Combat


You had 11 spell levels left.
You didn't know any spells.

Dungeon Overview and Level Annotations

Branches:
Dungeon (10/15)            Temple (0/1) D:4            Lair (4/8) D:10
  Swamp (0/4) Lair:4
  Snake: Lair:3-6    Spider: Lair:3-6       Orc: D:9-12

Altars:
Cheibriados
Dithmenos
Elyvilon
Kikubaaqudgha
Makhleb
Nemelex Xobeh
Okawaru
Qazlal
Vehumet
Xom
Yredelemnul
Zin
The Shining One

Shops:
D:6 !   D:8 (

Annotations:
D:7 exclusion: downstairs
D:9 exclusion: 2 downstairs
D:10 exclusion: upstairs
Lair:3 exclusion: downstairs, AAAAA's ghost, journeyman OgGl
Lair:4 exclusion: upstairs


Innate Abilities, Weirdness & Mutations

You cannot wear armour.
You are incapable of wielding weapons or throwing items.
You have sharp claws.
You have razor-sharp teeth.
You have supernaturally acute eyesight.
You are carnivorous and can eat meat at any time.
You cover ground quickly.
Your thick and shaggy fur keeps you warm (AC +3, rC+).
You have a slow metabolism.
Your sharp claws are effective at attacking unaware monsters.
Your mind is acute. (Int +2)
Your spells are a little easier to cast, but a little less powerful.


Message History

The bolt of electricity misses you.
You scratch the electric eel but do no damage.
You bite the electric eel, but do no damage.
The electric eel shoots out a bolt of lightning at you!
The bolt of electricity hits you!
You claw the electric eel!
The electric eel is severely wounded.
You closely miss the electric eel.
The electric eel is severely wounded.
The electric eel shoots out a bolt of lightning at you!
The bolt of electricity hits you!
* * * LOW HITPOINT WARNING * * *
You closely miss the electric eel.
The electric eel is severely wounded.
The electric eel shoots out a bolt of lightning at you!
The bolt of electricity hits you!
* * * LOW HITPOINT WARNING * * *
The electric eel shoots out a bolt of lightning at you!
The bolt of electricity hits you!
You die...

##...#......+....####.###
#....#...........# #P.# #
##........?.##...# #..# #
#P...#.#..'###...# #..###
#PP.....##.##....# #.....
##.P.............# ##..##
#?..÷§≈..........## ##.##
#.§≈§§§;........>#.##...#
#...§§§≈;@................
##.§≈§§≈≈.........(.......
#.§.§≈≈.........##...##.#
#.........#.#...####.####
#........####...P##...# #
#....#..## #.....###.## #
.........# #...###...###
..#.......##...+.......#
..+......##P....########


You could see 2 electric eels.

Vanquished Creatures
  Gastronok (Lair:2)
  Maud (Lair:3)
  A hydra (Lair:3)
  Urug (Lair:2)
  A wizard (D:10)
  3 black mambas
  9 spiny frogs
  2 komodo dragons
  8 blink frogs
  14 yaks
  A spriggan (D:10)
  A deep elf mage (D:10)
  A basilisk (Lair:3)
  A deep elf fighter (D:10)
  Grum (D:9)
  2 hungry ghosts
  3 hippogriffs
  8 wolves
  6 water moccasins
  9 porcupines
  5 ice beasts
  7 orc warriors
  6 ogres
  2 sky beasts (D:9)
  A necrophage (D:8)
  2 black bears
  5 centaurs
  9 crocodiles
  A big kobold (D:6)
  11 giant frogs
  3 killer bees (D:7)
  3 scorpions
  3 electric eels (Lair:4)
  3 wights (D:10)
  2 jellies (D:8)
  4 crimson imps
  2 quasits
  4 vampire bats
  7 orc priests
  A giant frog skeleton (D:4)
  4 gnoll shamans (D:5)
  A centaur zombie (D:7)
  6 hounds
  2 centaur skeletons
  9 iguanas
  8 worker ants
  Terence (D:2)
  10 orc wizards
  12 sheep
  A hound skeleton (D:6)
  2 worker ant zombies
  Robin (D:2)
  34 gnolls
  26 river rats
  11 adders
  5 shadow imps
  3 adder zombies
  2 worms (D:3)
  12 giant geckos
  28 orcs
  A ball python (D:4)
  3 bat skeletons (D:3)
  3 bat zombies (D:3)
  4 giant cockroaches
  13 goblins
  9 hobgoblins
  6 kobolds
  19 bats
  A giant gecko skeleton (D:5)
  A giant gecko zombie (D:9)
  6 giant newts
  38 jackals
  4 quokkas
  A quokka skeleton (D:9)
  18 rats
  2 fungi (D:10)
462 creatures vanquished.

Vanquished Creatures (collateral kills)
  A giant frog (D:8)
  A centaur (D:8)
2 creatures vanquished.

Vanquished Creatures (others)
  4 fungi
  4 plants
8 creatures vanquished.

Grand Total: 472 creatures vanquished

Notes
Turn   | Place    | Note
--------------------------------------------------------------
     0 | D:1      | Yakui the Felid Berserker began the quest for the Orb.
     0 | D:1      | Reached XP level 1. HP: 10/10 MP: 2/2
   614 | D:1      | Reached XP level 2. HP: 14/14 MP: 3/3
   935 | D:2      | Noticed Robin
  1217 | D:2      | Noticed Terence
  1226 | D:2      | Reached ** piety under Trog
  1232 | D:2      | Killed Terence
  1232 | D:2      | Reached skill level 1 in Stealth
  1232 | D:2      | Reached XP level 3. HP: 18/18 MP: 4/4
  1288 | D:2      | Killed Robin
  1289 | D:2      | Reached XP level 4. HP: 22/22 MP: 5/5
  1367 | D:2      | Found a white marble altar of Elyvilon.
  1562 | D:2      | Found a glowing silver altar of Zin.
  1739 | D:2      | Found a shadowy altar of Dithmenos.
  1943 | D:3      | Found a stormy altar of Qazlal.
  2107 | D:3      | Reached XP level 5. HP: 18/25 MP: 6/6
  2280 | D:3      | Found an ancient bone altar of Kikubaaqudgha.
  2295 | D:3      | Reached skill level 5 in Dodging
  2488 | D:3      | Found a glowing golden altar of the Shining One.
  2548 | D:3      | Gained mutation: You are covered in thick fur (AC +2). [Felid growth]
  2548 | D:3      | Reached XP level 6. HP: 25/29 MP: 7/7
  3307 | D:4      | Reached skill level 5 in Unarmed Combat
  3311 | D:4      | Reached skill level 5 in Fighting
  3592 | D:4      | Found a staircase to the Ecumenical Temple.
  3814 | D:4      | Found a snail-covered altar of Cheibriados.
  3909 | D:4      | Reached *** piety under Trog
  3909 | D:4      | Reached XP level 7. HP: 30/33 MP: 8/8
  3937 | D:5      | Entered Level 5 of the Dungeon
  4076 | D:5      | Found a basalt altar of Yredelemnul.
  4830 | D:5      | Killed from afar by a shadow imp
  4831 | D:5      | Reached XP level 6. HP: -12/31 MP: 7/7
  4881 | D:5      | Reached skill level 6 in Fighting
  5033 | D:5      | Reached skill level 5 in Stealth
  5040 | D:5      | Reached XP level 7. HP: 34/34 MP: 8/8
  5426 | D:5      | HP: 1/34 [gnoll shaman/whip (7)]
  5449 | D:5      | HP: 1/34 [gnoll/spear (4)]
  6243 | D:5      | Reached **** piety under Trog
  6672 | D:6      | Found Cagistrue's Distillery.
  6679 | D:6      | Bought a potion of heal wounds for 50 gold pieces
  6679 | D:6      | Bought a potion of heal wounds for 50 gold pieces
  6697 | D:6      | Reached skill level 7 in Unarmed Combat
  6697 | D:6      | Reached XP level 8. HP: 32/39 MP: 9/9
  6801 | D:6      | Found an iron altar of Okawaru.
  7994 | D:7      | Reached skill level 8 in Unarmed Combat
  7995 | D:7      | Found a radiant altar of Vehumet.
  8055 | D:7      | Reached XP level 9. HP: 44/44 MP: 10/10
  9701 | D:8      | Reached skill level 9 in Dodging
  9759 | D:8      | Reached ***** piety under Trog
 10294 | D:8      | Found Usag Utwall's Antique Weapon Shoppe.
 10369 | D:8      | Found a burning altar of Makhleb.
 10629 | D:8      | Found a sparkling altar of Nemelex Xobeh.
 10757 | D:8      | Reached XP level 10. HP: 10/49 MP: 11/11
 11648 | D:9      | Gained mutation: Your mind is acute. (Int +2) [mutagenic meat]
 11649 | D:9      | Gained mutation: Your spells are a little easier to cast, but a little less powerful. [mutagenic meat]
 12662 | D:9      | Found a shimmering altar of Xom.
 12691 | D:9      | Noticed Grum
 12707 | D:9      | Killed Grum
 13034 | D:10     | Entered Level 10 of the Dungeon
 13076 | D:10     | Noticed a wizard
 13186 | D:10     | Reached skill level 10 in Fighting
 13311 | D:10     | Reached skill level 10 in Dodging
 13331 | D:10     | Reached skill level 10 in Unarmed Combat
 13660 | D:10     | Killed a wizard
 13660 | D:10     | Reached skill level 10 in Stealth
 14017 | D:10     | Found a staircase to the Lair.
 14217 | D:10     | Reached XP level 11. HP: 48/54 MP: 12/12
 14351 | Lair:1   | Entered Level 1 of the Lair of Beasts
 14461 | D:10     | Slain by a porcupine
 14462 | D:10     | Reached XP level 10. HP: -3/76 MP: 11/11
 14523 | D:10     | Reached ****** piety under Trog
 14772 | D:10     | Slain by a sheep
 14773 | D:10     | Reached XP level 9. HP: 0/47 MP: 10/10
 15893 | Lair:1   | Reached XP level 10. HP: 51/51 MP: 11/11
 16071 | Lair:1   | Reached skill level 11 in Fighting
 16415 | Lair:2   | Noticed Urug
 16543 | Lair:2   | Noticed a black mamba
 16551 | Lair:2   | Killed a black mamba
 16930 | Lair:2   | Killed Urug
 17003 | Lair:2   | Reached XP level 11. HP: 25/55 MP: 12/12
 17762 | Lair:2   | Noticed Gastronok
 17789 | Lair:2   | Killed Gastronok
 18028 | Lair:3   | Reached skill level 12 in Fighting
 18300 | Lair:3   | Noticed Maud
 18583 | Lair:3   | Killed Maud
 18808 | Lair:3   | Noticed a four-headed hydra
 18870 | Lair:3   | Noticed AAAAA's ghost (journeyman OgGl)
 19182 | Lair:3   | Noticed a six-headed hydra
 19185 | Lair:3   | Killed a six-headed hydra
 19545 | Lair:4   | Noticed a six-headed hydra
 19786 | Lair:4   | Gained mutation: Your thick and shaggy fur keeps you warm (AC +3, rC+). [Felid growth]
 19786 | Lair:4   | Reached XP level 12. HP: 61/61 MP: 13/13
 20226 | Lair:4   | Found a staircase to the Swamp.
 20519 | Lair:4   | Killed from afar by an electric eel

Action                   |  1- 3 |  4- 6 |  7- 9 | 10-12 || total
-------------------------+-------+-------+-------+-------++-------
Melee: Unarmed           |    95 |   169 |   639 |   648 ||  1551
Invok: Berserk           |     2 |     2 |     9 |     5 ||    18
       Trog's Hand       |       |     1 |    10 |     4 ||    15
       Burn Spellbooks   |       |     1 |     1 |     5 ||     7
       Brothers in Arms  |       |       |     1 |       ||     1
  Use: Scroll            |       |     6 |     7 |    15 ||    28
 Stab: Sleeping          |     2 |    12 |    26 |    40 ||    80
       Distracted        |       |       |     2 |     8 ||    10
  Eat: Chunk             |     9 |    12 |    41 |    30 ||    92
